 Dungeon Crawl Stone Soup version 0.29-a0-350-g7790a0e70a (webtiles) character file.

Game seed: 9141665025261696852

701 zeratav the Archer (level 7, 0/38 HPs)
             Began as a Deep Elf Hunter on Apr 22, 2022.
             Was an Initiate of Hepliaklqana.
             Slain by Grinder (5 damage)
             ... while paralysed by Grinder
             ... on level 5 of the Dungeon.
             The game lasted 00:07:23 (4720 turns).

zeratav the Archer (Deep Elf Hunter)                Turns: 4720, Time: 00:07:23

Health: 0/38       AC:  5    Str:  8    XL:     7   Next: 38%
Magic:  9/9        EV:  2    Int: 14    God:    Hepliaklqana [......]
Gold:   164        SH:  0    Dex: 20    Spells: 6/6 levels left

rFire   . . .      SeeInvis .   a - +1 shortbow {bow}
rCold   . . .      Faith    .   (shield currently unavailable)
rNeg    . . .      Spirit   .   b - +0 leather armour
rPois   .          Reflect  .   n - +0 helmet
rElec   .          Harm     .   (no cloak)
rCorr   .          Rampage  .   (no gloves)
Will    .....                   i - +0 pair of boots
Stlth   ++........              (no amulet)
HPRegen 0.12/turn               (no ring)
MPRegen 0.11/turn               (no ring)

@: paralysed, studying Armour
A: no striking features
a: Renounce Religion


You were on level 5 of the Dungeon.
You worshipped Hepliaklqana.
Hepliaklqana was noncommittal.
You visited 2 branches of the dungeon, and saw 6 of its levels.

You collected 164 gold pieces.


   Skills:
 - Level 1.5 Fighting
 + Level 11.8 Bows
 - Level 2.4 Dodging
 - Level 1.2 Stealth


You had 6 spell levels left.
You didn't know any spells.
Your spell library contained the following spells:

 Spells                   Type           Power      Damage    Failure   Level
 Foxfire                  Conj/Fire      0%         2x1d4     38%         1
 Shock                    Conj/Air       0%         1d3       38%         1
 Conjure Flame            Conj/Fire      0%         6-21      77%         3
 Inner Flame              Hex/Fire       0%         N/A       77%         3
 Swiftness                Air            0%         N/A       77%         3
 Airstrike                Air            0%         N/A       99%         4
 Flame Wave               Conj/Fire      0%         2d4       99%         4

Inventory:

Hand Weapons
 a - a +1 shortbow (weapon) {bow}
 k - a +2 short sword of protection {short}
   (You took it off Terence on level 2 of the Dungeon)
 q - a +2 dagger of pain {short}
   (You found it on level 2 of the Dungeon)
 u - a +2 dagger of speed {short}
   (You took it off a kobold on level 3 of the Dungeon)
 z - a +0 dagger of venom {short}
   (You took it off an orc wizard on level 4 of the Dungeon)
Armour
 b - a +0 leather armour (worn)
 i - a +0 pair of boots (worn)
   (You found it on level 1 of the Dungeon)
 l - a +0 ring mail
   (You found it on level 3 of the Dungeon)
 m - a +0 animal skin
   (You took it off Robin on level 2 of the Dungeon)
 n - a +0 helmet (worn)
   (You took it off Robin on level 2 of the Dungeon)
 s - a +0 robe
   (You found it on level 3 of the Dungeon)
 t - a +0 plate armour
   (You found it on level 3 of the Dungeon)
 y - a +0 leather armour
   (You took it off an orc on level 4 of the Dungeon)
 A - a +0 robe
   (You took it off an orc wizard on level 4 of the Dungeon)
 B - a +0 robe
   (You found it on level 4 of the Dungeon)
 G - a +0 plate armour
   (You took it off an orc warrior on level 4 of the Dungeon)
 H - a +0 leather armour
   (You took it off an orc on level 4 of the Dungeon)
 I - a +0 robe
   (You found it on level 4 of the Dungeon)
Jewellery
 r - a ring of wizardry
   (You found it on level 3 of the Dungeon)
Wands
 w - a wand of flame (3)
   (You found it on level 3 of the Dungeon)
 C - a wand of acid (6)
   (You found it on level 4 of the Dungeon)
Scrolls
 c - 2 scrolls of immolation {!r!r}
 d - a scroll of enchant armour {unknown}
 e - 2 scrolls of brand weapon {unknown}
 j - a scroll of amnesia {unknown}
 o - 8 scrolls of identify {unknown}
 v - a scroll of silence {unknown}
 J - a scroll of fog {unknown}
Potions
 f - a potion of heal wounds {unknown}
 g - 4 potions of curing {@q1}
 h - 3 potions of resistance {unknown}
 p - a potion of brilliance {unknown}
 x - a potion of might {unknown}
 D - a potion of cancellation {unknown}
 E - a potion of lignification {unknown}
 F - a potion of attraction {unknown}

Dungeon Overview and Level Annotations

Branches:
Dungeon (5/15)             Temple (1/1) D:4

Altars:
Ashenzari
Cheibriados
Dithmenos
Elyvilon
Fedhas
Gozag
Hepliaklqana
Kikubaaqudgha
Makhleb
Nemelex Xobeh
Okawaru
Qazlal
Ru
Sif Muna
Trog
Uskayaw
Vehumet
Wu Jian
Xom
Yredelemnul
Zin
The Shining One

Shops:
D:3 (

Annotations:
D:5 Grinder

#. #.# #. #.## #.###.
#..###..... ##+#
#####.........# ##...#
#.......#..##.. #.....#
#.###..#_#.###. .....[)##
#..###..#..# #)
.....).)####..........## .
.<....).5@................
........####...#####.###..
.......## #..#### #.# .
#.....# #.....# #.# ##...#
#.###.# .# ##+# .... ...
##### 5### .# .#


You could see Grinder.


Message History

You open the door.
There is an open door here.
You now have 164 gold pieces (gained 16).
Done exploring.
Done exploring.
(D) Dungeon (T) Temple
Where to? (Enter - D:4, ? - help)
There is a stone staircase leading down here.
You climb downwards.
There is a stone staircase leading up here.
Found an escape hatch in the floor.
You open the door.
There is an open door here.
You open the door.
There is an open door here.
A black bear comes into view.
You shoot an arrow. The arrow hits the black bear!
The black bear bites you. The black bear barely misses you.
The black bear claws you but does no damage.
HP[-1]
You take 1 damage, and now have 37/38 hp.
You shoot an arrow. The arrow hits the black bear.
The black bear bites you!
The black bear claws you but does no damage.
The black bear barely misses you.
HP[-7]
You take 7 damage, and now have 30/38 hp.
You shoot an arrow. The arrow barely misses the black bear.
The black bear goes berserk!
You shoot an arrow. The arrow hits the black bear.
The black bear bites you but does no damage.
The black bear misses you. The black bear claws you.
You shoot an arrow. The arrow hits the black bear!
You kill the black bear!
Found an iron altar of Okawaru.
HP[+8]
Your hp is fully restored (38).
There is an iron altar of Okawaru here.
J - a scroll labelled QAGU QOCZUZYLE Grinder and an adder come into view.
You open the door.
A gnoll shaman and 4 gnolls come into view.
The gnoll shouts! x2
Read: 3 scrolls of immolation {!r!r}
Press: ? - help, Q - select action, (/) - cycle Dir - look around, f - activate
As you read the scroll of immolation {!r!r}, it crumbles to dust.
The creatures around you are filled with an inner flame!
The gnoll shouts! x2
Shoot: a) +1 shortbow {bow}
Press: ? - help, Q - select action, (/) - cycle Shift-Dir - straight line, f - gnoll
Aim: a gnoll, wielding a +0 club (inner flame, 71% to hit)
You shoot an arrow. The arrow hits the gnoll!
Flame seeps out of the gnoll.
The gnoll is engulfed in blazing flames.
The gnoll explodes!
The fiery explosion engulfs the gnoll!
Flame seeps out of the gnoll.
The fiery explosion engulfs you!!
Ouch! That really hurt!
* * * LOW HITPOINT WARNING * * *
The gnoll is engulfed in blazing flames.
The gnoll explodes!
The fiery explosion engulfs the gnoll shaman!!
The fiery explosion engulfs the gnoll!!
The gnoll explodes!
The fiery explosion engulfs the gnoll!!
The gnoll explodes!
The gnoll shaman explodes!
You hear a bark!
You hear a shout!
You hear an angry hiss.
HP[-32]
You take 32 damage, and now have 6/38 hp.
MASSIVE DAMAGE!! (PAUSE)
A jackal comes into view.
The jackal barks!
Shoot: a) +1 shortbow {bow}
Press: ? - help, Q - select action, (/) - cycle Shift-Dir - straight line, f - jackal
Aim: a jackal (62% to hit)
You shoot an arrow. The arrow closely misses the jackal.
The jackal misses you. The jackal attacks as you move away!
The jackal bites you.
* * * LOW HITPOINT WARNING * * *
Grinder blinks!
HP[-3]
You take 3 damage, and now have 3/38 hp.
Shoot: a) +1 shortbow {bow}
Press: ? - help, Q - select action, (/) - cycle Shift-Dir - straight line, f/p - jackal
Aim: a jackal (62% to hit)
You shoot an arrow. The arrow hits the jackal!
You kill the jackal!
You start resting.
Grinder is nearby!
HP[+1]
Found a stone staircase leading up.
There is an open door, spattered with blood here.
You see here a +0 club {mace}.
Grinder blinks!
HP[+1]
There is an open door, spattered with blood here.
You see here a +0 club {mace}.
Grinder gestures at you.
You suddenly lose the ability to move!
Grinder grins, showing sharp teeth.
Grinder hits you.
You die...

Skill      XL: |  1  2  3  4  5  6 |
---------------+-------------------+-----
Bows           | 6 7 8 9 11 | 11.8
Fighting       | |  1.5
Dodging        | |  2.4
Stealth        | |  1.2

Action                   |  1- 3 |  4- 6 |  7- 9 || total
-------------------------+-------+-------+-------++-------
 Fire: Shortbow          |    66 |   152 |     8 ||   226
Evoke: Wand              |       |     2 |       ||     2
  Use: Scroll            |       |       |     1 ||     1
Armor: Leather armour    |     8 |     8 |     3 ||    19
Dodge: Dodged            |    38 |    23 |     4 ||    65

Levels and vault maps discovered:
D:1:      minmay_arrival_cross, layout_basic,
          dreamdust_ecumenical_altar_statues, corexii_leaking_fountain
D:2:      layout_loops_cross, uniq_terence, uniq_natasha, uniq_robin
D:3:      layout_basic, serial_shops, shop, grunt_ministairs_10
D:4:      layout_basic, minmay_temple_entry_offerings,
          minmay_manual_mandibuliform
D:5:      layout_loops_corners, okawaru_metal_pillars_1_2, uniq_grinder
Temple:   mainiacjoe_temple_hex_bubbles

Notes
Turn   | Place    | Note
-------+----------+-------------------------------------------
     0 | D:1      | zeratav the Deep Elf Hunter began the quest for the Orb.
     0 | D:1      | Reached XP level 1. HP: 12/12 MP: 3/3
     0 | D:1      | magus.rc [v1.9.6]
    32 | D:1      | Found a faded altar of an unknown god.
   455 | D:1      | Reached XP level 2. HP: 16/16 MP: 4/4
   547 | D:1      | You pick up a book of Air and begin reading...
   547 | D:1      | You add the spells Shock, Swiftness and Airstrike to your
                  | library.
   689 | D:2      | Reached skill level 6 in Bows
  1200 | D:2      | Noticed Robin
  1200 | D:2      | Noticed Terence
  1276 | D:2      | Reached XP level 3. HP: 20/20 MP: 5/5
  1283 | D:2      | Killed Robin
  1293 | D:2      | HP: 5/20 [Terence/+2 short sword of protection (3)]
  1294 | D:2      | HP: 1/20 [Terence/+2 short sword of protection (4)]
  1295 | D:2      | Killed Terence
  1296 | D:2      | Reached skill level 7 in Bows
  1296 | D:2      | Reached XP level 4. HP: 2/25 MP: 6/6
  1597 | D:2      | Noticed Natasha
  1602 | D:2      | Killed Natasha
  1645 | D:2      | Noticed a phantom
  1650 | D:2      | Killed a phantom
  1651 | D:2      | Reached skill level 8 in Bows
  1651 | D:2      | Reached XP level 5. HP: 29/29 MP: 7/7
  1725 | D:2      | Noticed Natasha
  1729 | D:2      | Killed Natasha
  1730 | D:2      | Reached skill level 9 in Bows
  1798 | D:2      | Noticed Natasha
  1801 | D:2      | Killed Natasha
  2607 | D:3      | Reached XP level 6. HP: 34/34 MP: 8/8
  2639 | D:3      | Found Cogi's Weapon Boutique.
  3062 | D:4      | Reached skill level 10 in Bows
  3830 | D:4      | Noticed an orc warrior
  3841 | D:4      | Killed an orc warrior
  3842 | D:4      | Reached skill level 11 in Bows
  3842 | D:4      | Reached XP level 7. HP: 16/38 MP: 9/9
  4074 | D:4      | Found a staircase to the Ecumenical Temple.
  4087 | D:4      | You pick up a book of Flames and begin reading...
  4087 | D:4      | You add the spells Foxfire, Conjure Flame, Inner Flame and
                  | Flame Wave to your library.
  4211 | Temple   | Entered the Ecumenical Temple
  4400 | Temple   | Became a worshipper of Hepliaklqana the Forgotten
  4535 | D:5      | Entered Level 5 of the Dungeon
  4668 | D:5      | Found an iron altar of Okawaru.
  4689 | D:5      | Noticed Grinder
  4698 | D:5      | HP: 6/38 [spore (32)]
  4717 | D:5      | Paralysed by Grinder for 6 turns
  4720 | D:5      | Slain by Grinder

Vanquished Creatures
  An orc warrior (D:4)
  A black bear (D:5)
  2 phantoms
  A hound (D:4)
  A gnoll shaman (D:5)
  An iguana (D:4)
  Terence (D:2)
  Natasha (thrice) (D:2)
  An orc wizard (D:4)
  Robin (D:2)
  4 adders
  4 gnolls (D:5)
  A worm (D:3)
  A dart slug (D:2)
  5 orcs
  8 ball pythons
  5 bats
  2 endoplasms
  2 giant cockroaches (D:2)
  13 goblins
  9 hobgoblins
  A jackal (D:5)
  A quokka (D:1)
  2 frilled lizards (D:1)
  4 kobolds
  8 rats
83 creatures vanquished.

Table legend:
 A = Non-vault XP
 B = Vault XP
 C = Vault XP percentage of total XP
 D = Non-vault monster count
 E = Vault monster count
 F = Vault count percentage of total count
                 A         B        C        D         E       F
            +---------+---------+-------+---------+---------+-------
      Total |     855 |     147 |  14.7 |      65 |      18 |  21.7
            +---------+---------+-------+---------+---------+-------
        D:1 |      12 |       0 |   0.0 |       9 |       0 |   0.0
        D:2 |     229 |     104 |  31.2 |      22 |      13 |  37.1
        D:3 |      47 |       3 |   6.0 |      12 |       2 |  14.3
        D:4 |     344 |      40 |  10.4 |      15 |       3 |  16.7
        D:5 |     223 |       0 |   0.0 |       7 |       0 |   0.0
            +---------+---------+-------+---------+---------+-------

Illustrated notes

Table legend:
 A = Kills in this place as a percentage of kills in entire the game.
 B = Kills by you in this place as a percentage of kills by you in the entire game.
 C = Kills by friends in this place as a percentage of kills by friends in the entire game.
 D = Other kills in this place as a percentage of other kills in the entire game.
 E = Experience gained in this place as a percentage of experience gained in the entire game.
 F = Experience gained in this place divided by the number of levels of this place that you have seen.
                   A       B       C       D       E      F
               +-------+-------+-------+-------+-------+----------------------
         Total | 100.0 | 100.0 |   N/A |   N/A | 100.0 | 167.0
       Dungeon | 100.0 | 100.0 |   N/A |   N/A | 100.0 | 200.4
               +-------+-------+-------+-------+-------+----------------------

Table legend: (Time is in decaauts)
 A = Elapsed time spent in this place.
 B = Non-inter-level travel time spent in this place.
 C = Inter-level travel time spent in this place.
 D = Time resting spent in this place.
 E = Time spent auto-exploring this place.
 F = Levels seen in this place.
 G = Mean time per level.
                   A        B        C        D        E       F      G
               +--------+--------+--------+--------+--------+-----+--------+
         Total |   4747 |   4559 |    188 |    849 |   3239 |   6 |  791.2 |
       Dungeon |   4550 |   4381 |    169 |    849 |   3065 |   5 |  910.0 |
        Temple |    196 |    177 |     19 |      0 |    174 |   1 |  196.0 |
               +--------+--------+--------+--------+--------+-----+--------+

Top non-repeatable levels by time:
     D:2: 1409 daAuts
     D:4: 1309 daAuts
     D:1: 959 daAuts
     D:3: 687 daAuts
  Temple: 196 daAuts
     D:5: 184 daAuts
